 Dungeon Crawl Stone Soup version 0.30-a0-591-g3c58d2bc28 (webtiles) character file.

Game seed: 16539897908570349885

583 kae the Changer (level 7, -2/57 HPs)
             Began as a Demonspawn Transmuter on Jan 5, 2023.
             Slain by Pikel
             ... wielding a +1 whip of electrocution
              (17 damage)
             ... on level 4 of the Dungeon.
             The game lasted 00:03:51 (4438 turns).

kae the Changer (Demonspawn Transmuter)             Turns: 4438, Time: 00:03:52

Health: -2/57      AC:  6    Str: 10    XL:     7   Next: 14%
Magic:  7/12       EV: 15    Int: 16    God:
Gold:   173        SH:  0    Dex: 14    Spells: 3/13 levels left

rFire   x . .      SeeInvis .      - Unarmed
rCold   + + +      Faith    +    (shield currently unavailable)
rNeg    . . .      Spirit   .    (body armour currently unavailable)
rPois   +          Reflect  .    (helmet currently unavailable)
rElec   .          Harm     .    (cloak currently unavailable)
rCorr   .          Rampage  .    (gloves currently unavailable)
Will    .....                    (boots currently unavailable)
Stlth   +                        T - amulet of faith {!P}
HPRegen 0.29/turn                (no ring)
MPRegen 0.13/turn                (no ring)

@: agile, ice-form, wereblooded
A: freezing attack, amphibious, boosted hp, large, (thin metallic scales 1),
demonic guardian 1, powered by pain 1, (demonic touch 2)
a: End Transformation


You were on level 4 of the Dungeon.
You were a creature of crystalline ice.
You visited 1 branch of the dungeon, and saw 4 of its levels.

You collected 173 gold pieces.


Innate Abilities, Weirdness & Mutations

You are a creature of crystalline ice.
You have a powerful freezing melee attack.
You are amphibious.
Your maximum health is increased.
Your armour is entirely melded.
You are incapable of wielding weapons or throwing items.
((You are partially covered in thin metallic scales. (AC +2)))
A weak demonic guardian rushes to your aid.
You sometimes gain a little power by taking damage.
((Your touch may inflict irresistible damage on your foes.))


   Skills:
 - Level 1.0 Fighting
 - Level 1.7 Dodging
 + Level 4.2 Unarmed Combat
 + Level 3.7 Spellcasting
 * Level 4.9 Transmutations
 * Level 1.7 Ice Magic
 - Level 1.0 Poison Magic


You had 3 spell levels left.
You knew the following spells:

 Your Spells              Type           Power      Damage    Failure   Level
a - Beastly Appendage     Tmut           36%        N/A       2%          1
b - Wereblood             Tmut           18%        N/A       3%          2
c - Spider Form           Tmut/Pois      12%        N/A       16%         3
d - Ice Form              Ice/Tmut       13%        N/A       41%         4

Your spell library contained the following spells:

 Spells                   Type           Power      Damage    Failure   Level
 Slow                     Hex            8%         N/A       17%         1
 Confusing Touch          Hex            2%         N/A       45%         3
 Vampiric Draining        Necr           2%         2d6       45%         3

Inventory:

Missiles
 d - 58 stones
Armour
 a - a +0 robe (melded)
 m - a +1 pair of gloves (melded)
   (You found it on level 1 of the Dungeon)
Magical Staves
 n - a staff of air {!a}
   (You found it on level 1 of the Dungeon)
Jewellery
 T - an amulet of faith (around neck) {!P}
   (You found it on level 2 of the Dungeon)
Scrolls
 f - 2 scrolls of magic mapping {!r}
 i - 2 scrolls of blinking {!r}
 j - a scroll of identify {@r1}
 l - a scroll of enchant weapon {unknown}
 q - a scroll of vulnerability {!r!r}
Potions
 b - 2 potions of lignification {!q}
 c - a potion of invisibility
 e - a potion of haste {@q3}
 g - 3 potions of flight
 h - 2 potions of curing {@q1}
 k - 5 potions of brilliance {unknown}
 o - a potion of ambrosia

Dungeon Overview and Level Annotations

Branches:
Dungeon (4/15) Zot: 19551
 Temple: D:4-7

Altars:

Shops:
D:1 [

Annotations:
D:4 Pikel

#.............. ...#.##.##.#
#.#####.##########.........#
#.#...#.#........#.........
#.#.#..........#.#..K....###.
#####.#.#....#######.#...o...)...
...##.#.#......<.#.....5..o..###.
...##.........#..#...#).)....†...
...##.........#.######)#'#'###...
....#...........YK.o5o5..#.......
....#......#.#########.#######.#.
....#......#†#.# #..............
#+#.#.#.#......# #.##.#######.#
#.#.#.#.#....#.# #.##.#
#.#.#.#.####.#.## #.##.#
#.#..........>..###.....
#.###...####......#.....
................#.#......


You could see Pikel, 2 lemures and 2 orcs.


Message History

You closely miss the ball python. The ball python bites you.
The ball python constricts you.
You barely miss the ball python. Your touch misses the ball python.
The ball python bites you but does no damage.
The ball python constricts you. 😕 HP[-1]
You take 1 damage, and now have 47/48 hp.
You hit the ball python. The ball python completely misses you.
The ball python constricts you. The orc barely misses you.
A lemure comes into view.
The lemure shouts!
You hit the ball python.
You kill the ball python!
An orc wizard comes into view. It is wielding a +0 dagger.
The orc hits you with a +0 club. 😕 HP[-3] MP[+1]
You take 3 damage, and now have 44/48 hp.
Your mp is fully restored (12).
A lemure comes into view. 😕 HP[+1]
There is an open door here.
Pikel, Merchant of Souls comes into view.
He is wielding a +1 whip of electrocution.
There is an open door here. 😕 HP[+1]
The orc attacks as you move away!
The orc hits you with a +0 club. 😕 HP[-1]
You take 1 damage, and now have 45/48 hp.
Pikel shouts!
You hear a shout!
There is a stone staircase leading down here.
The orc attacks as you move away! The orc hits you but does no damage.
The lemure attacks as you move away!
The lemure barely misses you. 😕 HP[+1] 😕 HP[+1]
Casting: Spider Form (dangerous; 16% risk of failure)
Confirm with . or Enter, or press ? or * to list all spells.
The spell is quite dangerous to miscast (41% risk of failure)!
Continue anyway? [Y]es or [N]o only, please.
The spell is quite dangerous to miscast (41% risk of failure)!
Continue anyway?
You turn into a creature of crystalline ice.
Your +1 pair of gloves melds into your body.
Your +0 robe melds into your body.
The lemure hits you. 😕 HP[+4] MP[-4]
You now have 57 max hp (+9).
You regained 4 hp, and now have 51/57 hp.
You lost 4 mp, and now have 8/12 mp.
Casting: Ice Form (quite dangerous; 41% risk of failure)
Confirm with . or Enter, or press ? or * to list all spells.
Your blood is infused with primal strength.
The lemure closely misses you.
Pikel says, "I just want to get paid!"
The lemure hits you. 😕 HP[-4] MP[-2]
You take 4 damage, and now have 47/57 hp.
You lost 2 mp, and now have 6/12 mp.
You punch the lemure! You freeze the lemure. The lemure hits you.
You hit the lemure. You freeze the lemure. You punch the lemure!
You freeze the lemure.
You kill the lemure!
That felt strangely unrewarding. 😕 HP[-3]
You take 3 damage, and now have 44/57 hp.
You hit the orc. You freeze the orc. The orc hits you with a +0 club.
A lemure comes into view.
You barely miss the orc.
The lemure shouts!
The orc barely misses you.
You punch the orc! You freeze the orc.
You feel a bit better.
You kill the orc!
An orc comes into view. It is wielding a +0 short sword.
The orc wizard gestures wildly while chanting.
The orc wizard flickers and vanishes!
Deactivating autopickup; reactivate with Ctrl-A. 😮 HP[-2] MP[+1]
You take 2 damage, and now have 42/57 hp.
You hit Pikel. You freeze Pikel.
Pikel hits you with a +1 whip of electrocution. 😮 HP[-3]
You take 3 damage, and now have 39/57 hp.
You are too injured to fight recklessly!
You are too injured to fight recklessly!
You hit Pikel. You freeze Pikel.
Pikel hits you with a +1 whip of electrocution. 😮 HP[-2]
You take 2 damage, and now have 37/57 hp.
You are too injured to fight recklessly!
You are too injured to fight recklessly!
You hit Pikel but do no damage.
Pikel hits you with a +1 whip of electrocution.
You are electrocuted!!
* * * LOW HITPOINT WARNING * * *
You focus on the pain.
You feel agile all of a sudden. 😨 HP[-21]
You take 21 damage, and now have 16/57 hp.
MASSIVE DAMAGE!! (PAUSE)
You closely miss Pikel.
Pikel hits you with a +1 whip of electrocution.
* * * LOW HITPOINT WARNING * * *
You are electrocuted!
You die...

Skill      XL: |  1  2  3  4  5  6 |
---------------+-------------------+-----
Transmutations | 2 3 4 |  4.9
Unarmed Combat | 3 4 |  4.2
Poison Magic   | 1 |  1.0
Spellcasting   | 3 |  3.7
Ice Magic      | 1 |  1.7
Fighting       | |  1.0
Dodging        | |  1.7

Action                   |  1- 3 |  4- 6 |  7- 9 || total
-------------------------+-------+-------+-------++-------
Melee: Unarmed           |    67 |   140 |    35 ||   242
       Kick              |    19 |    11 |       ||    30
       Headbutt          |    11 |     8 |       ||    19
       Touch             |     1 |    16 |       ||    17
       Punch             |     1 |       |       ||     1
 Cast: Beastly Appendage |    18 |    21 |       ||    39
       Spider Form       |     1 |     5 |     4 ||    10
       Ice Form          |       |       |     1 ||     1
       Wereblood         |       |       |     1 ||     1
  Use: Scroll            |     4 |     9 |       ||    13
 Stab: Sleeping          |     2 |     3 |       ||     5
       Distracted        |       |     1 |       ||     1
Armor: Robe              |    14 |    35 |     3 ||    52
       Skin              |     2 |       |     2 ||     4
Dodge: Dodged            |    52 |    95 |    16 ||   163

Levels and vault maps discovered:
D:1:      nicolae_arrival_somewhat_less_tricky_arrival, layout_basic,
          serial_shops, nicolae_shop_temple_entry_statues_fountains,
          chequers_serial_rivers_room_a
D:2:      layout_basic, minmay_tromino_i4
D:3:      layout_loops_ring, chequers_ecumenical_altar_twisty,
          saegor_snake_ambush, uniq_grinder
D:4:      layout_basic, uniq_pikel

Notes
Turn   | Place    | Note
-------+----------+-------------------------------------------
     0 | D:1      | kae the Demonspawn Transmuter began the quest for the Orb.
     0 | D:1      | Reached XP level 1. HP: 15/15 MP: 3/3
     0 | D:1      | magus.rc [v1.11.3]
    88 | D:1      | Reached skill level 2 in Transmutations
   154 | D:1      | Gained mutation: You are partially covered in thin metallic
                  | scales. (AC +2) [demonic ancestry]
   154 | D:1      | Reached XP level 2. HP: 20/21 MP: 3/5
   192 | D:1      | Found Upro's Antique Armour Shoppe.
  1032 | D:1      | Reached skill level 3 in Unarmed Combat
  1032 | D:1      | Gained mutation: Your touch may inflict minor irresistible
                  | damage on your foes. [demonic ancestry]
  1032 | D:1      | Reached XP level 3. HP: 15/26 MP: 4/6
  1053 | D:1      | Learned a level 2 spell: Wereblood
  1057 | D:1      | Learned a level 3 spell: Spider Form
  1392 | D:2      | Reached skill level 1 in Poison Magic
  1394 | D:2      | Reached XP level 4. HP: 26/32 MP: 5/7
  1399 | D:2      | Reached skill level 3 in Transmutations
  2584 | D:3      | Gained mutation: A weak demonic guardian rushes to your
                  | aid. [demonic ancestry]
  2584 | D:3      | Reached XP level 5. HP: 36/37 MP: 7/9
  2775 | D:3      | Noticed Grinder
  2775 | D:3      | Paralysed by Grinder for 5 turns
  2791 | D:3      | Killed Grinder
  2792 | D:3      | Reached skill level 3 in Spellcasting
  2792 | D:3      | Reached skill level 4 in Transmutations
  2792 | D:3      | Gained mutation: Your touch may inflict irresistible damage
                  | on your foes. [demonic ancestry]
  2792 | D:3      | Reached XP level 6. HP: 30/43 MP: 7/11
  2872 | D:3      | Learned a level 4 spell: Ice Form
  3016 | D:3      | Found a faded altar of an unknown god.
  3360 | D:4      | Reached skill level 4 in Unarmed Combat
  3532 | D:4      | HP: 4/43 [ogre/+0 giant club (22)]
  3701 | D:4      | Reached skill level 1 in Ice Magic
  3710 | D:4      | HP: 10/43 [poisoned by a scorpion]
  4025 | D:4      | Gained mutation: You sometimes gain a little power by
                  | taking damage. [demonic ancestry]
  4025 | D:4      | Reached XP level 7. HP: 48/48 MP: 5/12
  4135 | D:4      | You pick up a book of Debilitation and begin reading...
  4135 | D:4      | You add the spells Slow, Vampiric Draining and Confusing
                  | Touch to your library.
  4416 | D:4      | Noticed Pikel
  4438 | D:4      | Slain by Pikel

Vanquished Creatures
  Grinder (D:3)
  A lemure (D:4)
  A scorpion (D:4)
  A hound (D:3)
  An orc priest (D:4)
  2 iguanas (D:4)
  8 adders
  2 ufetubi
  A worm (D:2)
  2 dart slugs (D:1)
  4 orcs (D:4)
  8 ball pythons
  5 endoplasms
  6 giant cockroaches
  4 goblins
  12 hobgoblins
  3 jackals (D:2)
  8 kobolds
  4 quokkas
  4 bats
  4 frilled lizards
  6 rats
88 creatures vanquished.

Vanquished Creatures (collateral kills)
  A jelly (D:4)
1 creature vanquished.

Grand Total: 89 creatures vanquished

Table legend:
 A = Non-vault XP
 B = Vault XP
 C = Vault XP percentage of total XP
 D = Non-vault monster count
 E = Vault monster count
 F = Vault count percentage of total count
                 A         B        C        D         E       F
            +---------+---------+-------+---------+---------+-------
      Total |     494 |     339 |  40.7 |      78 |      10 |  11.4
            +---------+---------+-------+---------+---------+-------
        D:1 |      48 |       0 |   0.0 |      19 |       0 |   0.0
        D:2 |      50 |      18 |  26.5 |      21 |       4 |  16.0
        D:3 |      98 |     321 |  76.6 |      18 |       6 |  25.0
        D:4 |     298 |       0 |   0.0 |      20 |       0 |   0.0
            +---------+---------+-------+---------+---------+-------

Illustrated notes

Table legend:
 A = Kills in this place as a percentage of kills in entire the game.
 B = Kills by you in this place as a percentage of kills by you in the entire game.
 C = Kills by friends in this place as a percentage of kills by friends in the entire game.
 D = Other kills in this place as a percentage of other kills in the entire game.
 E = Experience gained in this place as a percentage of experience gained in the entire game.
 F = Experience gained in this place divided by the number of levels of this place that you have seen.
                   A       B       C       D       E      F
               +-------+-------+-------+-------+-------+----------------------
         Total | 100.0 | 100.0 | 100.0 |   N/A | 100.0 | 208.2
       Dungeon | 100.0 | 100.0 | 100.0 |   N/A | 100.0 | 208.2
               +-------+-------+-------+-------+-------+----------------------

Table legend: (Time is in decaauts)
 A = Elapsed time spent in this place.
 B = Non-inter-level travel time spent in this place.
 C = Inter-level travel time spent in this place.
 D = Time resting spent in this place.
 E = Time spent auto-exploring this place.
 F = Levels seen in this place.
 G = Mean time per level.
                   A        B        C        D        E       F      G
               +--------+--------+--------+--------+--------+-----+--------+
         Total |   4447 |   4334 |    113 |    136 |   3508 |   4 | 1111.8 |
       Dungeon |   4447 |   4334 |    113 |    136 |   3508 |   4 | 1111.8 |
               +--------+--------+--------+--------+--------+-----+--------+

Top non-repeatable levels by time:
     D:3: 1207 daAuts
     D:1: 1164 daAuts
     D:2: 1048 daAuts
     D:4: 1027 daAuts
